 Dungeon Crawl Stone Soup version 0.28-a0-241-gfbb0926a3a (webtiles) character file.

Game seed: 3889901337790097645

37 EiAlmux the Slasher (level 3, 33/33 HPs)
             Began as a Minotaur Berserker on Aug 2, 2021.
             Was a Follower of Trog.
             Quit the game on level 1 of the Dungeon on Aug 24, 2021.
             The game lasted 00:23:29 (1688 turns).

EiAlmux the Slasher (Minotaur Berserker)            Turns: 1688, Time: 00:23:30

Health: 33/33      AC:  6    Str: 22    XL:     3   Next: 23%
Magic:  2/2        EV: 10    Int:  4    God:    Trog [*.....]
Gold:   48         SH:  0    Dex:  9    Spells: 2/2 levels left

rFire   . . .      SeeInvis +   a - +0 falchion
rCold   . . .      Faith    .   (no shield)
rNeg    . . .      Spirit   .   l - +0 scale mail
rPois   .          Reflect  .   (helmet restricted)
rElec   .          Harm     .   (no cloak)
rCorr   .          Rampage  .   (no gloves)
Will    .....                   (no boots)
Stlth   ..........              (no amulet)
HPRegen 0.11/turn               c - ring of see invisible
MPRegen 0.08/turn               (no ring)

@: no status effects
A: horns 2, retaliatory headbutt
a: Renounce Religion, Berserk


You were on level 1 of the Dungeon.
You worshipped Trog.
Trog was aware of your devotion.
You visited 1 branch of the dungeon, and saw 1 of its levels.

You collected 48 gold pieces.

Inventory:

Hand Weapons
 a - a +0 falchion (weapon)
 e - a +0 short sword
 g - a +0 dagger
 k - a +0 dagger
Missiles
 n - 14 stones (quivered)
Armour
 b - a +0 animal skin
 h - a +0 leather armour
 j - a +0 leather armour
 l - a +0 scale mail (worn)
 m - a +2 kite shield
Jewellery
 c - a ring of see invisible (left hand)
Scrolls
 f - a scroll of fear {unknown}
 i - 2 scrolls of noise {unknown}
Potions
 d - a potion of ambrosia


   Skills:
 + Level 4.0 Fighting
 + Level 4.0 Long Blades
 + Level 3.0 Armour
 + Level 2.6 Dodging
 + Level 1.0 Stealth
 + Level 0.0 Shields
 + Level 0.0 Invocations


You had 2 spell levels left.
You didn't know any spells.
Your spell library was empty.

Dungeon Overview and Level Annotations

Branches:
Dungeon (1/15)

Altars:


Innate Abilities, Weirdness & Mutations

You have a pair of horns on your head.
You reflexively headbutt those who attack you in melee.


Message History

There is a stone staircase leading down here.
You don't know any spells.
Press: ? - help, v - describe, . - travel A stone staircase leading down.
Unknown command.
Unknown command.
There are no items here.
Unknown command.
Save game and exit? [Y]es or [N]o only, please.
Save game and exit?
Okay, then.
Unknown command.
Unknown command.
Unknown command.
Unknown command.
Unknown command.
Unknown command.
Welcome back, EiAlmux the Minotaur Berserker.
Trog says: Kill them all!
Press ? for a list of commands and other information.
Your skin crawls.
You feel strong-willed.
You can no longer call upon Trog for regeneration and willpower.
You start waiting.
You feel the effects of Trog's Hand fading.
You start waiting.
Your skin stops crawling.
You feel less strong-willed.
You start waiting.
Done waiting.
You start waiting.
Done waiting.
There is a stone staircase leading down here.
Save game and exit?
Okay, then.
Save game and exit?
Welcome back, EiAlmux the Minotaur Berserker.
Trog says: Kill them all!
Press ? for a list of commands and other information.
Are you sure you want to abandon this character and quit the game? (Confirm with "yes".)

.##........# #.###..##.###
.####...##.# ##....#.....## .#
#...##.# ##............# |#
######.# ##.............. .# #.#
##............... .# #.#
##................ ## #####.#
#.................
######.....#####.................
................@.......####.....
.#####.#####.##........## ##....
.# #.# #.###.......# #.... .# #.#
#.# ##......# #.... .# #.# #.#
#.......## ##.... .# #.# #.#
#........####..... .# #.# #.#
#................. .# #.# #.#
#................. .#####.#####.#
##................


There were no monsters in sight!

Vanquished Creatures
  2 dart slugs (D:1)
  5 endoplasms (D:1)
  2 giant cockroaches (D:1)
  2 goblins (D:1)
  2 hobgoblins (D:1)
  2 jackals (D:1)
  A kobold (D:1)
  2 quokkas (D:1)
  4 ball pythons (D:1)
  3 bats (D:1)
  3 frilled lizards (D:1)
  2 rats (D:1)
30 creatures vanquished.

Notes
Turn   | Place    | Note
-------+----------+-------------------------------------------
     0 | D:1      | EiAlmux the Minotaur Berserker began the quest for the Orb.
     0 | D:1      | Reached XP level 1. HP: 19/19 MP: 0/0
   132 | D:1      | Reached XP level 2. HP: 22/27 MP: 1/1
   419 | D:1      | Found a faded altar of an unknown god.
   422 | D:1      | Noticed a shining eye
   443 | D:1      | Noticed a shining eye
   450 | D:1      | Noticed a shining eye
   455 | D:1      | Noticed a floating eye
   621 | D:1      | Reached XP level 3. HP: 24/33 MP: 2/2
   959 | D:1      | Reached ** piety under Trog
  1339 | D:1      | Reached skill level 1 in Stealth
  1688 | D:1      | Upgraded the game from 0.28-a0-75-g15dc114455 to
                  | 0.28-a0-241-gfbb0926a3a
  1688 | D:1      | Quit the game

Illustrated notes

Levels and vault maps discovered:
D:1:      onia_arrival_mini_maze, layout_loops_ring,
          hellmonk_ecumenical_altar_watching_god, kennysheep_decorative_pillar

Skill      XL: |  1  2  3 |
---------------+----------+-----
Long Blades    | 4 |  4.0
Fighting       | 4 |  4.0
Armour         | 3 |  3.0
Stealth        | 1 |  1.0
Dodging        | |  2.6

Action                   || total
-------------------------++-------
Melee: Falchion          ||    50
       Headbutt          ||    10
Invok: Trog's Hand       ||     1
  Use: Potion            ||     1
Armor: Animal skin       ||     8
       Scale mail        ||     6
Dodge: Dodged            ||    48
       Rpst.: Falchion   ||     7

Table legend: (Time is in decaauts)
 A = Elapsed time spent in this place.
 B = Non-inter-level travel time spent in this place.
 C = Inter-level travel time spent in this place.
 D = Time resting spent in this place.
 E = Time spent auto-exploring this place.
 F = Levels seen in this place.
 G = Mean time per level.
                   A        B        C        D        E       F      G
               +--------+--------+--------+--------+--------+-----+--------+
         Total |   1693 |   1686 |      7 |    419 |    729 |   1 | 1693.0 |
       Dungeon |   1693 |   1686 |      7 |    419 |    729 |   1 | 1693.0 |
               +--------+--------+--------+--------+--------+-----+--------+

Top non-repeatable levels by time:
     D:1: 1693 daAuts
